 Dungeon Crawl Stone Soup version 0.30.1-11-g7821555f0a (webtiles) character file.

Game seed: 13265130015529363300

62 lonewolfV2 the Covered (level 3, 0/31 HPs)
             Began as a Minotaur Fighter on Nov 1, 2023.
             Was a Follower of Wu Jian.
             Slain by an ogre
             ... wielding a +0 giant club
              (31 damage)
             ... on level 3 of the Dungeon.
             The game lasted 00:04:21 (2320 turns).

lonewolfV2 the Covered (Minotaur Fighter)           Turns: 2320, Time: 00:04:21

Health: 0/31       AC:  7    Str: 20    XL:     3   Next: 85%
Magic:  2/2        EV: 10    Int:  5    God:    Wu Jian [*.....]
Gold:   85         SH:  5    Dex: 11    Spells: 2/2 levels left

rFire   . . .        a - +0 war axe
rCold   . . .        c - +1 buckler
rNeg    . . .        b - +0 scale mail
rPois   .            (helmet restricted)
rElec   .            (no cloak)
rCorr   .            (no gloves)
SInv    .            (no boots)
Will    .....        (no amulet) Stlth
                     (no ring)
HPRegen 0.25/turn    (no ring)
MPRegen 0.08/turn

%: no passive effects
@: no status effects
A: horns 2, retaliatory headbutt
a: Renounce Religion


You were on level 3 of the Dungeon.
You worshipped Wu Jian.
Wu Jian was aware of your devotion.
You visited 1 branch of the dungeon, and saw 3 of its levels.

You collected 85 gold pieces.

Inventory:

Hand Weapons
 a - a +0 war axe (weapon)
Armour
 b - a +0 scale mail (worn)
 c - a +1 buckler (worn)
Scrolls
 e - a scroll of enchant armour
 h - a scroll of summoning
 k - 2 scrolls of poison
 m - a scroll of teleportation
 o - a scroll of brand weapon {unknown}
Potions
 d - a potion of might
 f - a potion of curing
 g - 3 potions of berserk rage {unknown}
 i - a potion of mutation {unknown}
 j - a potion of flight {unknown}
 l - 2 potions of resistance {unknown}
 n - a potion of heal wounds {unknown}


   Skills:
 - Level 3.6 Fighting
 - Level 2.4 Axes
 + Level 4.2 Armour
 * Level 2.7 Dodging
 + Level 4.2 Shields


You had 2 spell levels left.
You didn't know any spells.
Your spell library contained the following spells:

 Spells                   Type           Power      Damage    Failure   Level
 Frozen Ramparts          Ice            0%         1d1       99%         3
 Ice Form                 Ice/Tmut       0%         N/A       100%        4
 Summon Ice Beast         Ice/Summ       0%         N/A       100%        4


Dungeon Overview and Level Annotations

Branches:
Dungeon (3/15)

Altars:
Wu Jian


Innate Abilities, Weirdness & Mutations

You have a pair of horns on your head.
You reflexively headbutt those who attack you in melee.


Message History

The adder closely misses you. You furiously retaliate!
You headbutt the adder.
You kill the adder!
The Council accepts your kill.
You see here an adder corpse.
You see here an adder corpse.
A bat comes into view.
You block the bat's attack.
The bat moves out of view.
The bat hits you but does no damage.
A bat is nearby!
A bat is nearby!
You slash the bat!
You kill the bat!
The Council accepts your kill.
You see here a bat corpse.
You see here a bat corpse.
You see here a quokka skeleton.
A giant cockroach comes into view.
A giant cockroach is nearby!
A giant cockroach is nearby!
You see here a scroll of poison.
The giant cockroach bites you but does no damage.
You hit the giant cockroach. You headbutt the giant cockroach.
You kill the giant cockroach!
The Council accepts your kill.
k - 2 scrolls of poison (gained 1) Could not explore, unopened door.
You open the door.
There is an open door here.
There is an open door here.
Found a stone staircase leading up.
An ogre comes into view. It is wielding a +0 giant club.
The ogre shouts!
An ogre is nearby!
An ogre is nearby!
You slash the ogre!
You headbutt the ogre, but do no damage.
The ogre is moderately wounded.
The ogre hits you with a +0 giant club!!
Ouch! That really hurt!
You die...

....#####.##########
#...(.# #.#### #....
#....!# #.#..# #.##.
###.....## #.#..#
#.##. .........
..>#..###.##.
.........##.#......##.
....##.##.##.....#..
#.O.........###.##.
##@...##.##.# #.#..
#.....#.....# #.#..
#.###<##.#### #....
#.######.#### ####.
#.....##....# #.
####...#.##.# #.
#...#.##.# #.
#...#.##.# #.
#...#.##.# #.


You could see an ogre.

Vanquished Creatures
  2 adders
  A worm (D:2)
  5 orcs (D:3)
  6 ball pythons
  2 endoplasms (D:2)
  A giant cockroach (D:3)
  3 hobgoblins
  5 kobolds
  2 quokkas (D:3)
  2 bats
  A frilled lizard (D:1)
  3 goblins
  2 rats
35 creatures vanquished.

Notes
Turn   | Place    | Note
-------+----------+-------------------------------------------
     0 | D:1      | lonewolfV2 the Minotaur Fighter began the quest for the
                  | Orb.
     0 | D:1      | Reached XP level 1. HP: 19/19 MP: 0/0
   266 | D:1      | Reached skill level 1 in Dodging
   266 | D:1      | Found a faded altar of an unknown god.
   303 | D:1      | Prayed at the altar of an unknown god.
   303 | D:1      | Became a worshipper of the Wu Jian Council
   303 | D:1      | Reached * piety under Wu Jian
   399 | D:1      | Reached XP level 2. HP: 26/26 MP: 1/1
   976 | D:2      | Reached XP level 3. HP: 31/31 MP: 2/2
  2318 | D:3      | Noticed an ogre
  2320 | D:3      | Slain by an ogre

Illustrated notes

Levels and vault maps discovered:
D:1:      saegor_arrival_simple_a, layout_basic,
          nicolae_ecumenical_snake_handling
D:2:      layout_basic, minivault_25, due_unseen_surprise
D:3:      layout_basic, grunt_ashenzari_visionary
          [grunt_ashenzari_visionary_shoals, grunt_ashenzari_visionary_spider],
          roderic_lattice_a, nicolae_concentric_dashed_squares_mild,
          minmay_increasing_density

Skill      XL: |  1  2 |
---------------+-------+-----
Dodging        | 1 2 |  2.7
Armour         | 4 |  4.2
Shields        | 4 |  4.2
Fighting       | |  3.6
Axes           | |  2.4

Action                     || total
---------------------------++-------
  Melee: War axe           ||    71
         Headbutt          ||    12
Ability: Lunge             ||     6
         Whirlwind         ||     7
    Use: Scroll            ||     4
         Potion            ||     1
 Armour: Scale mail        ||    31
  Dodge: Dodged            ||    27
  Block: Buckler           ||    12
